 Dungeon Crawl Stone Soup version 0.31-a0-971-g75a2e9a4b4 (webtiles) character file.

Game seed: 15172345510814766104

501631 Shayle the Scorcher (level 24, -12/148 HPs)
             Began as a Tengu Hexslinger on Oct 27, 2023.
             Was the Champion of Nemelex Xobeh.
             Killed from afar by a war gargoyle (48 damage)
             ... with a spray of metal splinters
             ... on level 5 of the Vaults on Oct 28, 2023.
             The game lasted 05:59:53 (79341 turns).

Shayle the Scorcher (Tengu Hexslinger)             Turns: 79341, Time: 05:59:56

Health: -12/148    AC: 23    Str: 12 (13) XL:     24   Next: 92%
Magic:  15/39      EV: 19    Int: 28      God:    Nemelex Xobeh [******]
Gold:   3639       SH: 13    Dex: 16 (18) Spells: 10/45 levels left

rFire   + . .        Q - +2 scimitar of Upsen {freeze, Int+3}
rCold   + . .        F - +3 buckler {rN+}
rNeg    + + .        A - quicksilver dragon scales
rPois   .            S - +2 hat {Int+3}
rElec   .            W - +2 cloak
rCorr   +            U - +2 pair of gloves {hurl}
SInv    .            (boots unavailable)
Will    ++...        g - amulet "Aptam" {Reflect rCorr SH+5}
Stlth   ++           x - ring "Uhuguyv" {rN+ rCorr Str+2}
HPRegen 0.44/turn    c - ring of the Changing Visionary {Fly rF+ rC+ rCorr}
MPRegen 0.26/turn

%: reflection, acrobat, clarity
@: elixired, flying, studying Stealth
A: beak, talons 3, evasive flight, acrobatic, clarity, deterioration 2,
MP-powered wands
}: 3/15 runes: serpentine, barnacled, slimy
a: Renounce Religion, Draw Escape, Draw Destruction, Draw Summoning, Triple
Draw, Deal Four, Stack Five


You were on level 5 of the Vaults.
You worshipped Nemelex Xobeh.
Nemelex Xobeh was exalted by your worship.
You visited 9 branches of the dungeon, and saw 44 of its levels.
You visited the Abyss 3 times.
You also visited: Ossuary, Bailey and Ice Cave.

You collected 4995 gold pieces.
You spent 1356 gold pieces at shops.

Inventory:

Hand Weapons
 J - a +9 quick blade of draining
 Q - the +2 scimitar of Upsen (weapon) {freeze, Int+3}
   (You found it on level 10 of the Dungeon)

   Int+3:     It affects your intelligence (+3).
Missiles
 a - 6 throwing nets
 O - 6 curare-tipped darts (quivered)
Armour
 A - quicksilver dragon scales (worn)
 F - a +3 buckler of positive energy (worn)
 S - a +2 hat of intelligence (worn)
 U - a +2 pair of gloves of hurling (worn)
 W - a +2 cloak (worn)
Jewellery
 c - the ring of the Changing Visionary (right hand) {Fly rF+ rC+ rCorr}
   (You took it off a deep elf blademaster on level 3 of the Elven Halls)

   [ring of flight]

   rF+:       It protects you from fire.
   rC+:       It protects you from cold.
   Fly:       It grants you flight.
   rCorr:     It protects you from acid and corrosion.
 f - a ring of magical power
 g - the amulet "Aptam" (around neck) {Reflect rCorr SH+5}
   (You bought it in a shop on level 3 of the Vaults)

   [amulet of reflection]

   Reflect:   It reflects blocked missile attacks.
   rCorr:     It protects you from acid and corrosion.
   SH+5:      It affects your SH (+5).
 p - the ring of Xom's Grace {Fly rElec rN+ Will-}
   (You found it on level 5 of the Pits of Slime)

   [ring of positive energy]

   rElec:     It insulates you from electricity.
   rN+:       It protects you from negative energy.
   Will-:     It decreases your willpower.
   Fly:       It grants you flight.
 x - the ring "Uhuguyv" (left hand) {rN+ rCorr Str+2}
   (You bought it in a shop on level 2 of the Orcish Mines)

   [ring of positive energy]

   Str+2:     It affects your strength (+2).
   rN+:       It protects you from negative energy.
   rCorr:     It protects you from acid and corrosion.
Wands
 d - a wand of flame (42)
 w - a wand of roots (21)
 G - a wand of paralysis (51)
 K - a wand of acid (27)
 P - a wand of mindburst (40)
Scrolls
 b - a scroll of enchant weapon
 m - a scroll of amnesia
 o - a scroll of teleportation
 r - 4 scrolls of vulnerability
 u - a scroll of immolation
 y - 3 scrolls of fear
 M - 8 scrolls of revelation
 N - 2 scrolls of poison
 R - 8 scrolls of silence
 V - 8 scrolls of torment
 X - 7 scrolls of fog
Potions
 e - 9 potions of brilliance
 h - a potion of ambrosia
 i - 5 potions of might
 j - 8 potions of magic
 k - 5 potions of cancellation
 l - 3 potions of mutation
 s - 10 potions of enlightenment
 v - 6 potions of lignification
 z - 7 potions of haste
 E - 4 potions of berserk rage
 I - 5 potions of invisibility
 L - 2 potions of resistance
 T - 9 potions of curing
Miscellaneous
 B - a phantom mirror


   Skills:
 - Level 14.3 Fighting
 - Level 11.5(14.0) Short Blades
 - Level 12.8(14.6) Long Blades
 - Level 2.1 Ranged Weapons
 - Level 12.8 Armour
 - Level 10.7 Dodging
 - Level 4.8 Stealth
 - Level 4.0 Shields
 - Level 11.3 Spellcasting
 - Level 16.7 Conjurations
 - Level 2.1 Hexes
 - Level 20.8 Fire Magic
 - Level 13.9 Air Magic
 - Level 6.6 Poison Magic
 - Level 12.5 Invocations
 + Level 13.6 Shapeshifting


You had 10 spell levels left.
You knew the following spells:

 Your Spells              Type           Power      Damage    Failure   Level
a - Mephitic Cloud        Conj/Pois/Air  71%        N/A       1%          3
b - Plasma Beam           Fire/Air       42%        2x1d56    1%          6
c - Starburst             Conj/Fire      44%        6d12      1%          6
d - Freezing Cloud        Conj/Ice/Air   32%        6-21      3%          5
e - Ignition              Fire           46%        3d13      11%         8
f - Orb of Destruction    Conj           41%        9d11      8%          7

Your spell library contained the following spells:

 Spells                   Type           Power      Damage    Failure   Level
 Foxfire                  Conj/Fire      100%       2x1d9     0%          1
 Magic Dart               Conj           100%       1d8       0%          1
 Searing Ray              Conj           100%       2d8       0%          2
 Cigotuvi's Dreadful Rot  Necr/Pois/Air  100%       N/A       1%          2
 Poisonous Vapours        Pois/Air       100%       N/A       1%          2
 Static Discharge         Conj/Air       100%       3-8/arc   1%          2
 Dazzling Flash           Conj/Hex       100%       N/A       1%          3
 Inner Flame              Hex/Fire       69%        N/A       1%          3
 Stone Arrow              Conj/Erth      100%       3d13      1%          3
 Swiftness                Air            76%        N/A       1%          3
 Volatile Blastmotes      Fire/Tloc      100%       2d18      1%          3
 Airstrike                Air            38%        2d(6-22)  1%          4
 Fulminant Prism          Conj/Hex       31%        3d15      1%          4
 Arcjolt                  Conj/Air       40%        1d50      1%          5
 Brom's Barrelling Bould  Conj/Erth      58%        2d7       2%          4
 Iskenderun's Mystic Bla  Conj/Tloc      58%        2d12      2%          4
 Conjure Ball Lightning   Conj/Air       40%        3x3d13    2%          6
 Summon Lightning Spire   Summ/Air       53%        N/A       4%          4
 Vhi's Electric Charge    Tloc/Air       100%       N/A       4%          4
 Jinxbite                 Hex            56%        N/A       5%          2
 Olgreb's Toxic Radiance  Pois           52%        N/A       6%          4
 Irradiate                Conj/Tmut      29%        3d21      8%          5
 Apportation              Tloc           30%        N/A       9%          1
 Freeze                   Ice            60%        1d7       9%          1
 Necrotise                Necr           60%        1d7       9%          1
 Sandblast                Erth           30%        2d9       9%          1
 Summon Small Mammal      Summ           60%        N/A       9%          1
 Ensorcelled Hibernation  Hex/Ice        44%        N/A       9%          2
 Sigil of Binding         Hex            28%        N/A       11%         3
 Tukima's Dance           Hex            28%        N/A       11%         3
 Blink                    Tloc           30%        N/A       13%         2
 Passwall                 Tmut/Erth      12%        N/A       13%         2
 Sublimation of Blood     Necr           15%        N/A       13%         2
 Summon Guardian Golem    Hex/Summ       22%        N/A       17%         3
 Frozen Ramparts          Ice            30%        1d5       26%         3
 Gell's Gravitas          Tloc           15%        N/A       26%         3
 Teleport Other           Tloc           15%        N/A       26%         3
 Vampiric Draining        Necr           15%        2d7       26%         3
 Cause Fear               Hex            14%        N/A       34%         4
 Anguish                  Hex/Necr       11%        N/A       50%         4
 Dimensional Bullseye     Hex/Tloc       11%        N/A       50%         4
 Alistair's Intoxication  Tmut/Pois      22%        N/A       54%         5
 Animate Armour           Summ/Erth      30%        N/A       65%         4
 Manifold Assault         Tloc           15%        N/A       65%         4
 Petrify                  Tmut/Erth      15%        N/A       65%         4
 Maxwell's Capacitive Co  Air            38%        ∞         88%         8
 Agony                    Necr           15%        N/A       94%         5
 Borgnjor's Vile Clutch   Necr/Erth      7%         N/A       94%         5
 Lee's Rapid Deconstruct  Erth           7%         3d7*      94%         5
 Summon Forest            Summ/Tloc      7%         N/A       94%         5
 Spellforged Servitor     Conj/Summ      29%        N/A       94%         7
 Eringya's Noxious Bog    Tmut/Pois      17%        4d6       98%         6
 Dispersal                Tloc           7%         N/A       100%        6
 Summon Hydra             Summ           7%         N/A       100%        7
 Discord                  Hex            14%        N/A       100%        8
 Disjunction              Tloc           7%         N/A       100%        8
 Shatter                  Erth           7%         3d10*     100%        9


Dungeon Overview and Level Annotations

Branches:
Dungeon (15/15)            Temple (1/1) D:5            Lair (5/5) D:8
 Shoals (4/4) Lair:2        Snake (4/4) Lair:3        Slime (5/5) Lair:4
    Orc (2/2) D:12            Elf (3/3) Orc:2        Vaults (4/5) D:14
  Crypt (0/3) Vaults:3     Depths (0/4) D:15        Ossuary (visited)
 Bailey (visited)           IceCv (visited)

Altars:
Ashenzari
Cheibriados
Dithmenos
Elyvilon
Fedhas
Gozag
Hepliaklqana
Kikubaaqudgha
Makhleb
Nemelex Xobeh
Okawaru
Qazlal
Ru
Sif Muna
Trog
Uskayaw
Vehumet
Wu Jian
Xom
Yredelemnul
Zin
The Shining One
Jiyva
Lugonu

Shops:
Orc:2 *(*=   Shoals:2 (   Snake:2 :=:   Snake:4 [   Vaults:3 =

Portals:
Abyss: Shoals:3

Annotations:
Lair:3 exclusion: 2 oklob plants
Shoals:3 1 runed translucent door
Snake:2 1 runed translucent door, sammy202020's ghost, journeyman GrBe


Innate Abilities, Weirdness & Mutations

You have a beak for a mouth.
You have claws for feet.
Your magical flight helps you evade attacks. (EV +4)
You can magically evade attacks while moving or waiting.
You possess an exceptional clarity of mind.
Your body often deteriorates upon taking damage.
You expend magic power (3 MP) to strengthen your wands.


Message History

The vault warden hits you with a +1 halberd!!
* * * LOW HITPOINT WARNING * * *
Your body deteriorates!
You feel clumsy. The titan attacks as it pursues you!
You block the titan's attack.
A tengu reaver comes into view. It is wielding a +0 broad axe.
The lich casts a spell at you. You resist with almost no effort.
Things that are here:
a +0 battleaxe; a +0 plate armour; a human corpse
As you read the scroll of fear, it crumbles to dust.
You assume a fearsome visage.
The tentacled monstrosity resists with almost no effort.
The deep elf high priest looks frightened!
The vault warden resists with some effort.
The titan resists with almost no effort.
The vault warden looks frightened!
The quicksilver dragon resists with almost no effort. x2
The fire giant looks frightened!
The war gargoyle is unaffected.
The lich is unaffected.
The tengu reaver resists with some effort.
The titan waves its arms in wide circles.
The air twists around and strikes you.
* * * LOW HITPOINT WARNING * * *
A stone giant comes into view.
Unknown command.
Okay, then.
You draw... (choose one card, ? for their descriptions)
a - the Elixir b - Velocity c - Velocity You have drawn the Elixir.
You begin rapidly regenerating health and magic.
The quicksilver dragon breathes dispelling energy at you.
The bolt of dispelling energy hits you.
* * * LOW HITPOINT WARNING * * *
The vault warden cowers, then darts away.
The war gargoyle launches metal splinters at you.
The spray of metal splinters hits you!!!
You die...
Your body glows with a rainbow of weird colours and disappears.

# )....#....#XC#
.....#....#ee#
.....#....#..#
..........#..#############
.......)).#Xp.............
......))L).p..............
##...).).CD..#############
.....))<<@D......
....).<..<9))....
....).)<<)).(....
......).)..$.....
###....))..C#####
.......)....#
###......Q#.#.#
#..#....##.#.


You could see a tentacled monstrosity, a titan, a fire giant (fleeing), 2
quicksilver dragons, a stone giant (wandering), 2 vault wardens, a tengu reaver
(repels missiles), a lich, a war gargoyle (catching breath) and a deep elf high
priest (fleeing).

Vanquished Creatures
  the Royal Jelly (Slime:5)
  Dissolution (Slime:3)
  Mara (Vaults:2)
  Jorgrun (Snake:1)
  Mlioglotl (Shoals:3)
  2 deep elf blademasters (Elf:3)
  3 krakens
  3 sphinxes
  A quicksilver dragon (Abyss:2)
  2 deep elf master archers (Elf:3)
  19 acid blobs
  5 tentacled starspawn
  Frances (Shoals:1)
  Agnes (Snake:1)
  14 azure jellies
  3 nagarajas (Snake:4)
  4 rockslimes
  A fenstrider witch (Vaults:3)
  7 deep elf sorcerers
  2 deep elf elementalists
  A ghost moth (shapeshifter) (Vaults:3)
  A curse skull (Vaults:3)
  2 ghost moths
  An orc warlord (Vaults:2)
  6 vault wardens
  Louise (D:15)
  11 quicksilver oozes
  The ghost of R007833r the Thrower, a journeyman DrSh of the Shining One (Lair:5)
  9 ironbound preservers
  3 very ugly things
  2 stone giants
  5 formless jellyfish
  8 ironbound thunderhulks
  14 dire elephants
  6 deep elf annihilators
  11 deep elf demonologists
  A purple draconian (Abyss:3)
  Snorg (D:10)
  4 eidola
  6 merfolk javelineers
  6 merfolk impalers
  A green death (Abyss:3)
  9 deep elf death magi
  2 deep elf high priests (Elf:1)
  6 yaktaur captains
  3 entropy weavers
  2 ettins
  5 great orbs of eyes
  35 vault guards
  Fannar (Lair:3)
  Erolcha (Orc:1)
  2 caustic shrike simulacra (IceCv)
  A rakshasa (D:15)
  A sphinx zombie (D:15)
  4 catoblepae
  8 centaur warriors
  5 salamander tyrants (Snake:4)
  2 ogre magi
  5 hydras
  4 merfolk avatars
  An anaconda (shapeshifter) (Shoals:2)
  8 anacondas
  7 boulder beetles
  3 merfolk aquamancers
  7 ironbound frosthearts
  22 dancing weapons
  9 death yaks (Lair:5)
  A tengu warrior (D:15)
  13 two-headed ogres
  The ghost of chamandro the Covert, a novice GnDe of Gozag (D:9)
  7 naga warriors
  5 satyrs
  A deep troll shaman (Lair:5)
  4 thrashing horrors (Abyss:3)
  2 occultists
  8 naga sharpshooters
  2 vampire magi
  Sonja (Orc:1)
  3 demonic crawlers
  The ghost of IdlyInterested the Fighter, a novice DsGl (D:7)
  2 shock serpents
  Urug (D:11)
  5 wretched stars
  17 deep elf knights
  7 skeletal warriors
  Amaemon (D:8)
  A sun demon (Abyss:2)
  6 skysharks
  A sixfirhy (Abyss:3)
  27 deep trolls
  A goliath frog (Slime:3)
  An orb spider (Abyss:3)
  2 glowing orange brains
  6 salamander mystics
  14 sea snakes
  5 arcanists
  6 phantasmal warriors
  14 lindwurms
  2 necromancers
  6 naga ritualists
  7 ironbound convokers
  Pikel (D:7)
  10 deep elf archers
  17 harpies
  15 deep elf pyromancers
  21 deep elf zephyrmancers
  An orange crystal statue (D:12)
  19 orc knights
  18 manticores
  4 orc sorcerers
  6 shining eyes
  17 mana vipers
  7 ugly things
  15 salamanders
  25 fauns
  A worldbinder (Abyss:2)
  2 spectral centaurs (D:9)
  6 elephants
  10 cyclopes
  13 vault sentinels
  8 merfolk sirens
  A rust devil (Abyss:3)
  36 black mambas
  Maurice (D:11)
  9 cane toads
  11 naga magi
  4 water nymphs
  5 guardian serpents
  3 orange demons
  2 apocalypse crabs (Shoals:3)
  6 smoke demons
  An unseen horror (D:11)
  A torpor snail (Slime:2)
  4 gargoyles
  7 centaur skeletons
  A kobold demonologist (D:14)
  15 yaktaurs
  An anaconda simulacrum (IceCv)
  7 komodo dragons
  An ancient zyme (Abyss:3)
  A tengu conjurer (D:14)
  5 freezing wraiths
  2 efreet
  2 rime drakes
  A golden dragon simulacrum (IceCv)
  A queen bee (Lair:3)
  A harpy zombie (D:14)
  15 trolls
  4 polar bears
  2 starcursed masses (Abyss:2)
  38 merfolk
  Prince Ribbit (D:8)
  15 raiju
  A silent spectre (Abyss:3)
  A hornet (D:9)
  3 wind drakes
  4 alligator simulacra (IceCv)
  10 saltlings (Orc:2)
  19 blink frogs
  4 snapping turtles
  A jumping spider (shapeshifter) (D:14)
  A meliai zombie (D:14)
  A glass eye (Snake:1)
  4 flying skulls (D:14)
  2 ynoxinuls
  7 dream sheep
  A culicivora (D:11)
  10 large abominations
  A jumping spider (Vaults:4)
  8 air elementals
  A centaur simulacrum (D:9)
  3 shadows
  95 slime creatures
  3 basilisks
  5 water elementals
  46 yaks
  5 wyverns
  16 golden eyes
  A wraith (D:12)
  A fire elemental (Elf:3)
  2 humans (D:14)
  A fire bat (Snake:3)
  A chaos spawn (Abyss:3)
  4 redbacks
  10 vampire mosquitoes
  3 neqoxecs
  A swamp worm (Snake:1)
  35 nagas
  An acid dragon (D:12)
  6 water moccasins
  A hydra simulacrum (IceCv)
  35 orc warriors
  5 ice beasts
  3 sky beasts
  2 black bears (D:6)
  7 ogres
  2 ettin simulacra (IceCv)
  32 wolves
  2 phantoms
  4 small abominations
  3 lemures (D:7)
  4 kobold brigands
  Blork the orc (D:6)
  9 bullfrogs
  A wyvern zombie (D:7)
  3 earth elementals
  4 scorpions
  An elf skeleton (D:7)
  A water moccasin zombie (Ossuary)
  27 killer bees
  3 lindwurm simulacra (IceCv)
  3 electric eels
  4 howler monkeys
  2 vampire bats (Lair:2)
  2 lava snakes (Snake:4)
  7 centaur zombies
  2 quasits (Abyss:2)
  3 iron imps (Abyss:2)
  3 hounds
  A human zombie (D:7)
  4 jellies
  15 orc priests
  2 gnoll boudas
  2 human skeletons
  3 iguanas
  16 orc wizards
  A sleepcap (D:5)
  4 hell rats (Lair:2)
  2 boggart skeletons
  2 mummies (Ossuary)
  19 gnolls
  8 adders
  A shadow imp (D:6)
  3 white imps
  An ufetubus (Abyss:2)
  4 adder zombies (Ossuary)
  4 worms
  3 dart slugs
  71 orcs
  5 ball pythons
  12 bats
  5 endoplasms
  6 giant cockroaches
  2 gnoll zombies (Ossuary)
  7 goblins
  7 hobgoblins
  11 jackals
  3 quokkas (D:1)
  3 training dummies (Shoals:2)
  3 frilled lizards
  6 hobgoblin zombies (Ossuary)
  26 kobolds
  10 kobold zombies (Ossuary)
  An orc skeleton (D:7)
  7 orc zombies
  4 rats
  3 tentacles
1709 creatures vanquished.

Vanquished Creatures (collateral kills)
  Nikola (Snake:1)
  A deep elf blademaster (Elf:1)
  A deep elf sorcerer (Elf:3)
  5 rockslimes (Slime:5)
  An orc warlord (Orc:2)
  2 ironbound preservers
  A quicksilver dragon zombie (Vaults:4)
  A caustic shrike simulacrum (IceCv)
  3 merfolk avatars
  A boulder beetle (Lair:3)
  A hydra (Lair:5)
  4 anacondas
  3 satyrs
  A merfolk aquamancer (Shoals:3)
  5 dancing weapons
  A death yak (Lair:5)
  7 naga warriors (Snake:4)
  A naga sharpshooter (Snake:4)
  An orc high priest (Orc:2)
  A thrashing horror (Abyss:2)
  A large abomination (Abyss:2)
  A skeletal warrior (D:14)
  3 salamander mystics (Snake:4)
  A sea snake (Shoals:4)
  4 naga ritualists (Snake:4)
  2 deep elf archers (Elf:1)
  An orc knight (Orc:2)
  2 orange crystal statues (IceCv)
  2 deep elf zephyrmancers (Elf:1)
  A tengu skeleton (Vaults:4)
  6 salamanders
  5 harpies
  A cyclops (Shoals:1)
  3 mana vipers (Snake:4)
  A shadow dragon skeleton (Vaults:4)
  A faun (Shoals:3)
  2 merfolk sirens (Shoals:3)
  A manticore (Shoals:3)
  2 elephants (Lair:3)
  7 black mambas
  A guardian serpent (Snake:4)
  3 naga magi (Snake:4)
  An apocalypse crab (Shoals:3)
  A cane toad (Lair:3)
  2 freezing wraiths (IceCv)
  3 merfolk
  A snapping turtle (Shoals:4)
  A dream sheep (Shoals:1)
  5 yaks (Lair:2)
  A wyvern (Lair:3)
  2 basilisks (Lair:3)
  9 nagas
  An acid dragon (D:9)
  2 water moccasins
  A hydra simulacrum (IceCv)
  A glowing shapeshifter zombie (Vaults:4)
  3 wolves (Lair:3)
  2 bullfrogs (Lair:3)
  19 killer bees (Lair:3)
  2 hell rats (Lair:2)
  An orc (D:9)
151 creatures vanquished.

Vanquished Creatures (others)
  An anaconda (Snake:4)
  A naga warrior (Snake:2)
  A deep elf pyromancer (Elf:2)
  A centaur zombie (D:14)
  An orc warrior (Orc:2)
  An orc (Orc:1)
  10 starspawn tentacles
  69 tentacles
85 creatures vanquished.

Grand Total: 1945 creatures vanquished

Notes
Turn   | Place    | Note
-------+----------+-------------------------------------------
     0 | D:1      | Shayle the Tengu Hexslinger began the quest for the Orb.
     0 | D:1      | Reached XP level 1. HP: 12/12 MP: 3/3
   125 | D:1      | Reached XP level 2. HP: 16/16 MP: 4/4
   137 | D:1      | Reached skill level 1 in Invocations
   230 | D:1      | Reached XP level 3. HP: 14/21 MP: 5/5
  1149 | D:2      | Identified the ring "Puidar" {Fly rPois Str+4}
  1275 | D:2      | Reached XP level 4. HP: 26/27 MP: 6/6
  2621 | D:3      | Reached skill level 1 in Shields
  2909 | D:4      | Reached XP level 5. HP: 32/32 MP: 7/7
  3150 | D:4      | Reached XP level 6. HP: 33/37 MP: 9/9
  3452 | D:4      | Found a burning altar of Makhleb.
  3765 | D:5      | Entered Level 5 of the Dungeon
  3765 | D:5      | Found a staircase to the Ecumenical Temple.
  3930 | Temple   | Entered the Ecumenical Temple
  3936 | Temple   | Became a worshipper of Nemelex Xobeh the Trickster
  3968 | D:5      | Gained mutation: Your magical flight helps you evade
                  | attacks. (EV +4) [Tengu growth]
  3968 | D:5      | Reached XP level 7. HP: 30/44 MP: 10/10
  4099 | D:6      | Found a shadowy altar of Dithmenos.
  4175 | D:6      | Reached skill level 5 in Fighting
  4222 | D:5      | Found a white marble altar of Elyvilon.
  4533 | D:5      | Reached XP level 8. HP: 35/49 MP: 12/12
  4914 | D:5      | Reached skill level 5 in Invocations
  4922 | D:5      | You are sucked into a shaft and drop 2 floors!
  5034 | D:7      | Reached * piety under Nemelex Xobeh
  5051 | D:7      | Found a sand-covered staircase.
  5063 | Ossuary  | Entered an ossuary
  5222 | Ossuary  | Identified the +4 sling "Riadiw" {elec, Dex+5}
  5285 | D:7      | Found a flagged portal.
  5307 | Bailey   | Entered a bailey
  5570 | Bailey   | Noticed an orc knight
  5587 | Bailey   | Killed an orc knight
  5588 | Bailey   | Reached XP level 9. HP: 48/57 MP: 13/15
  5872 | D:7      | Reached XP level 10. HP: 70/70 MP: 16/16
  5956 | D:7      | Received a gift from Nemelex Xobeh
  5956 | D:7      | Found a runed translucent gate.
  5956 | D:7      | Found a runed translucent gate.
  5956 | D:7      | Found a runed translucent gate.
  5956 | D:7      | Noticed IdlyInterested's ghost (novice DsGl)
  5958 | D:7      | Found a basalt altar of Yredelemnul.
  6132 | D:7      | Noticed Pikel
  6158 | D:7      | Killed Pikel
  6452 | D:6      | Noticed a gargoyle
  6975 | D:8      | Identified the "Hinuwk"
  7000 | D:8      | Noticed an orange demon
  7029 | D:8      | Killed an orange demon
  7042 | D:8      | Noticed Psyche
  7150 | D:6      | Received a gift from Nemelex Xobeh
  7182 | D:6      | Killed a gargoyle
  7369 | D:6      | Noticed Blork the orc
  7370 | D:6      | Killed Blork the orc
  7373 | D:6      | Reached ** piety under Nemelex Xobeh
  7713 | D:8      | Psyche changed into Psyche the naga
  7713 | D:8      | Noticed Psyche
  7717 | D:8      | Killed Psyche the naga
  7773 | D:8      | Found a shimmering blue altar of Sif Muna.
  7898 | D:8      | Found a bloodstained altar of Trog.
  7911 | D:8      | Found a staircase to the Lair.
  7931 | Lair:1   | Identified the of Ciunu
  7931 | Lair:1   | Entered Level 1 of the Lair of Beasts
  7938 | Lair:1   | Reached XP level 11. HP: 63/76 MP: 18/18
  8055 | Lair:1   | Noticed a catoblepas
  8066 | Lair:1   | Killed a catoblepas
  9922 | D:8      | Identified a scroll of acquirement
  9922 | D:8      | Acquired the ring "Dinuod" {*Slow rElec rC++ rCorr Int+6}
 10077 | D:8      | Noticed Amaemon
 10088 | D:8      | Killed Amaemon
 10126 | D:8      | Noticed Prince Ribbit
 10143 | D:8      | Killed Prince Ribbit
 10403 | D:9      | Found a runed translucent gate.
 10404 | D:9      | Found a runed translucent gate.
 10404 | D:9      | Found a runed translucent gate.
 11036 | D:9      | Reached XP level 12. HP: 84/84 MP: 20/20
 11187 | D:9      | Noticed chamandro's ghost (novice GnDe)
 11195 | D:10     | Entered Level 10 of the Dungeon
 11281 | D:10     | Reached *** piety under Nemelex Xobeh
 11419 | D:10     | Identified the +2 scimitar of Upsen {freeze, Int+3}
 11425 | D:10     | Identified the +1 scale mail "Ficic" {Harm MP+9}
 11649 | D:10     | Found a stormy altar of Qazlal.
 11823 | D:10     | Received a gift from Nemelex Xobeh
 11836 | D:10     | Noticed a two-headed ogre
 11846 | D:9      | Reached skill level 5 in Dodging
 11846 | D:9      | Reached skill level 10 in Invocations
 12289 | D:10     | Killed a two-headed ogre
 12715 | D:10     | Noticed Snorg
 12727 | D:10     | Killed Snorg
 13125 | D:11     | Noticed a boulder beetle
 13387 | Lair:1   | Received a gift from Nemelex Xobeh
 13779 | Lair:1   | Reached **** piety under Nemelex Xobeh
 14143 | Lair:2   | Reached skill level 1 in Long Blades
 14585 | Lair:2   | Received a gift from Nemelex Xobeh
 15185 | Lair:2   | Received a gift from Nemelex Xobeh
 15307 | Lair:2   | Found a staircase to the Shoals.
 15377 | Lair:3   | Noticed Fannar
 15377 | Lair:3   | Reached ***** piety under Nemelex Xobeh
 15626 | Lair:2   | Noticed a skyshark
 15633 | Lair:2   | Killed a skyshark
 15634 | Lair:2   | Reached XP level 13. HP: 76/91 MP: 22/22
 15653 | Lair:2   | Learned a level 3 spell: Mephitic Cloud
 16361 | Lair:3   | Identified the +2 long sword "Toikhlu" {protect, Str+4
                  | Int+4}
 16371 | Lair:3   | Reached skill level 1 in Conjurations
 16371 | Lair:3   | Reached skill level 1 in Air Magic
 16375 | Lair:3   | Reached skill level 1 in Poison Magic
 16396 | Lair:3   | Identified the -1 trident of the Sheltering Firefly {flame,
                  | rC+ rN++}
 16399 | Lair:3   | Reached skill level 2 in Fire Magic
 17392 | Lair:3   | Reached skill level 3 in Fire Magic
 17397 | Lair:3   | Received a gift from Nemelex Xobeh
 17713 | Lair:3   | Killed Fannar
 18116 | Lair:3   | Reached skill level 5 in Long Blades
 18410 | Lair:3   | Found a staircase to the Snake Pit.
 18793 | Lair:4   | Received a gift from Nemelex Xobeh
 19026 | Lair:4   | Reached skill level 4 in Fire Magic
 19285 | Lair:4   | Identified the +0 cloak of Quiet Fog {rF- Will+ SInv}
 19343 | Lair:4   | Found a staircase to the Slime Pits.
 19343 | Lair:4   | Found a viscous altar of Jiyva.
 19400 | Lair:4   | Reached skill level 5 in Conjurations
 19400 | Lair:4   | Reached XP level 14. HP: 96/96 MP: 23/23
 19452 | Lair:4   | Received a gift from Nemelex Xobeh
 19550 | Lair:4   | Reached skill level 5 in Air Magic
 19794 | Lair:5   | Entered Level 5 of the Lair of Beasts
 20135 | Lair:5   | Received a gift from Nemelex Xobeh
 20142 | Lair:5   | Noticed R007833r's ghost (journeyman DrSh)
 20470 | Lair:5   | Found a runed translucent door.
 20956 | Lair:5   | Received a gift from Nemelex Xobeh
 21014 | Lair:5   | Reached skill level 5 in Fire Magic
 22128 | Lair:5   | Noticed a ghost moth
 22130 | Lair:5   | Killed a ghost moth
 22131 | Lair:5   | Reached skill level 5 in Poison Magic
 22646 | D:11     | Identified the scarf of Satisfaction {rC+ rF+, *Slow Regen+
                  | Int+4}
 22692 | D:11     | Noticed Urug
 22700 | D:11     | Killed Urug
 22860 | D:11     | Noticed Maurice
 22888 | D:11     | Killed Maurice
 23103 | D:12     | Received a gift from Nemelex Xobeh
 23125 | D:12     | Reached skill level 6 in Fire Magic
 23229 | D:12     | Found a staircase to the Orcish Mines.
 23277 | Orc:1    | Entered Level 1 of the Orcish Mines
 23277 | Orc:1    | Noticed Sonja
 23291 | Orc:1    | Killed Sonja
 23297 | Orc:1    | Noticed Erolcha
 23302 | Orc:1    | Reached XP level 15. HP: 101/101 MP: 10/25
 24060 | D:11     | Received a gift from Nemelex Xobeh
 24543 | D:13     | Reached skill level 10 in Dodging
 24927 | Abyss:2  | Cast into level 2 of the Abyss (an occultist)
 24940 | Abyss:2  | Received a gift from Nemelex Xobeh
 25033 | Abyss:2  | Found a corrupted altar of Lugonu.
 25108 | Abyss:2  | Received a gift from Nemelex Xobeh
 25162 | Abyss:2  | Paralysed by accursed screaming for 1 turns
 25197 | Abyss:2  | Paralysed by an air elemental for 1 turns
 25207 | Abyss:2  | Found a corrupted altar of Lugonu.
 25208 | Abyss:2  | Found a corrupted altar of Lugonu.
 25208 | Abyss:2  | Found a corrupted altar of Lugonu.
 25253 | Abyss:2  | Reached ****** piety under Nemelex Xobeh
 25285 | Abyss:2  | Received a gift from Nemelex Xobeh
 25365 | Abyss:2  | Noticed a bone dragon
 25377 | D:14     | Escaped the Abyss
 25630 | Orc:1    | Killed Erolcha
 25919 | Orc:2    | Entered Level 2 of the Orcish Mines
 26101 | Orc:2    | Received a gift from Nemelex Xobeh
 26171 | Orc:2    | Found Bedipesuca's Jewellery Shoppe.
 26273 | Orc:2    | Reached skill level 7 in Fire Magic
 26544 | Orc:2    | Found Ymyghun's Assorted Antiques.
 26554 | Orc:2    | Bought an embroidered hat for 175 gold pieces
 26574 | Orc:2    | Found Vuuseugoic's Weapon Shoppe.
 26574 | Orc:2    | Noticed an orc warlord
 26594 | Orc:2    | Killed an orc warlord
 26819 | Orc:2    | Received a gift from Nemelex Xobeh
 26926 | Orc:2    | Found a staircase to the Elven Halls.
 27064 | Orc:2    | Found Macuckips's Assorted Antiques.
 27069 | Orc:2    | Bought a potion of curing for 72 gold pieces
 27069 | Orc:2    | Bought a scroll of teleportation for 72 gold pieces
 27558 | Lair:1   | Learned a level 6 spell: Plasma Beam
 27638 | Shoals:1 | Entered Level 1 of the Shoals
 27638 | Shoals:1 | Received a gift from Nemelex Xobeh
 27898 | Shoals:1 | Reached XP level 16. HP: 107/107 MP: 12/26
 28016 | Shoals:1 | Noticed Frances
 28026 | Shoals:1 | Killed Frances
 28345 | Shoals:1 | Reached skill level 8 in Fire Magic
 28841 | Shoals:2 | Reached skill level 10 in Conjurations
 29084 | Shoals:2 | Received a gift from Nemelex Xobeh
 29094 | Shoals:2 | Reached skill level 10 in Air Magic
 29266 | Shoals:2 | Reached skill level 10 in Armour
 29636 | Shoals:2 | Found Cirr's Firing Range.
 29676 | Shoals:2 | Received a gift from Nemelex Xobeh
 29923 | Snake:1  | Entered Level 1 of the Snake Pit
 30068 | Snake:1  | Reached skill level 9 in Fire Magic
 30154 | Snake:1  | Identified the serpent talisman of the Piercing Gods {MP-9
                  | Dex+3}
 30154 | Snake:1  | Noticed Aizul
 30158 | Snake:1  | Aizul changed into something unseen
 30171 | Snake:1  | Killed Aizul the ghost moth
 30195 | Snake:1  | Noticed Nikola
 30210 | Snake:1  | Noticed Jorgrun
 30305 | Snake:1  | Killed Jorgrun
 30550 | Snake:1  | Killed Nikola
 30677 | Snake:1  | Noticed Agnes
 30692 | Snake:1  | Killed Agnes
 30693 | Snake:1  | Reached XP level 17. HP: 69/112 MP: 25/27
 30827 | Snake:1  | You are sucked into a shaft and drop 1 floor!
 30871 | Snake:2  | Reached skill level 10 in Fire Magic
 31084 | Snake:2  | Received a gift from Nemelex Xobeh
 31305 | Snake:2  | Found a runed translucent door.
 31305 | Snake:2  | Noticed sammy202020's ghost (journeyman GrBe)
 31601 | Snake:2  | Found Woocsadar's Book Boutique.
 31602 | Snake:2  | Found Xyudduir's Jewellery Emporium.
 31603 | Snake:2  | Found Seto's Book Boutique.
 32675 | D:14     | Received a gift from Nemelex Xobeh
 33716 | Shoals:3 | Reached skill level 11 in Fire Magic
 33915 | Shoals:3 | Found a runed translucent door.
 33930 | Shoals:3 | Found a corrupted altar of Lugonu.
 33932 | Shoals:3 | Found a one-way gate to the infinite horrors of the Abyss.
 34093 | Shoals:3 | Noticed a kraken
 34317 | Shoals:2 | Noticed a kraken
 34468 | Shoals:2 | Killed a kraken
 34783 | Shoals:3 | Received a gift from Nemelex Xobeh
 35187 | Shoals:4 | Entered Level 4 of the Shoals
 35187 | Shoals:4 | Noticed a kraken
 35208 | Shoals:3 | Learned a level 6 spell: Starburst
 35288 | Shoals:3 | Killed a kraken
 35669 | Shoals:4 | Received a gift from Nemelex Xobeh
 36132 | Snake:1  | Reached XP level 18. HP: 106/117 MP: 21/28
 36462 | Snake:3  | Received a gift from Nemelex Xobeh
 36884 | Snake:3  | Reached skill level 12 in Fire Magic
 36905 | Snake:3  | Reached skill level 10 in Long Blades
 37238 | Snake:3  | Received a gift from Nemelex Xobeh
 37768 | Snake:4  | Entered Level 4 of the Snake Pit
 38966 | Snake:4  | Reached skill level 15 in Conjurations
 39089 | Snake:4  | Received a gift from Nemelex Xobeh
 39249 | Snake:4  | Reached skill level 13 in Fire Magic
 39366 | Snake:4  | Identified the +0 trident of Asishott {freeze, rN+ rCorr}
 39613 | Snake:4  | Identified the +2 trident of Ravage {heavy, +Blink rC++
                  | Int+3 Dex-4}
 40531 | Snake:4  | Reached XP level 19. HP: 115/122 MP: 11/29
 40616 | Snake:4  | Found Funuog's Armour Shop.
 41083 | Snake:4  | Got a serpentine rune of Zot
 41086 | Snake:4  | Received a gift from Nemelex Xobeh
 41571 | D:7      | Killed IdlyInterested's ghost
 41805 | D:9      | Killed chamandro's ghost
 42288 | Lair:5   | Killed R007833r's ghost
 42729 | Shoals:4 | Reached skill level 14 in Fire Magic
 44388 | Shoals:4 | Identified the +3 leather armour of Plasticity {rN+ Dex+3}
 45097 | Shoals:4 | Noticed Mlioglotl
 45717 | Shoals:3 | Killed Mlioglotl
 45718 | Shoals:3 | Reached skill level 15 in Fire Magic
 46503 | Shoals:4 | Got a barnacled rune of Zot
 47212 | Vaults:5 | Identified the of Imap
 47212 | WizLab   | Identified the "Jebb"
 47212 | Crypt:3  | Identified the of Icienlups
 47212 | Crypt:3  | Identified the "Motean"
 47212 | Elf:1    | Entered Level 1 of the Elven Halls
 47477 | Elf:1    | Paralysed by an air elemental for 1 turns
 47481 | Elf:1    | Paralysed by an air elemental for 1 turns
 47483 | Elf:1    | Paralysed by an air elemental for 1 turns
 47484 | Elf:1    | Upgraded the game from 0.31-a0-968-g24f9ace8b5 to
                  | 0.31-a0-971-g75a2e9a4b4
 47487 | Elf:1    | Paralysed by an air elemental for 1 turns
 47514 | Elf:1    | Reached skill level 16 in Fire Magic
 47729 | Elf:1    | Paralysed by an air elemental for 1 turns
 47763 | Elf:1    | Received a gift from Nemelex Xobeh
 47989 | Abyss:2  | Found a corrupted altar of Lugonu.
 47989 | Abyss:2  | Cast into level 2 of the Abyss (a deep elf demonologist)
 48007 | Abyss:2  | Found a corrupted altar of Lugonu.
 48377 | Abyss:2  | Received a gift from Nemelex Xobeh
 48408 | Abyss:2  | Reached skill level 17 in Fire Magic
 48602 | Abyss:3  | Noticed a bone dragon
 48692 | Abyss:3  | Reached XP level 20. HP: 122/128 MP: 6/30
 48746 | Abyss:3  | Paralysed by an air elemental for 1 turns
 48829 | Elf:1    | Escaped the Abyss
 48850 | Elf:1    | Paralysed by an air elemental for 1 turns
 49136 | Elf:1    | Identified the staff of the Vaults {rC+ Str+2 Dex+3 Ice}
 49145 | Elf:1    | Learned a level 5 spell: Freezing Cloud
 49614 | Orc:2    | Bought the ring "Uhuguyv" {rN+ rCorr Str+2} for 441 gold
                  | pieces
 49867 | Slime:1  | Entered Level 1 of the Pits of Slime
 49873 | Slime:1  | Gained mutation: You expend magic power (3 MP) to
                  | strengthen your wands. [a shining eye]
 50014 | Lair:4   | Reached skill level 18 in Fire Magic
 50604 | D:14     | Received a gift from Nemelex Xobeh
 51089 | D:14     | Found a shimmering altar of Xom.
 51870 | D:14     | Found a gate to the Vaults.
 52144 | D:15     | Entered Level 15 of the Dungeon
 52299 | D:15     | Received a gift from Nemelex Xobeh
 53150 | D:15     | Noticed Louise
 53153 | D:15     | Killed Louise
 53267 | D:15     | Received a gift from Nemelex Xobeh
 53466 | D:15     | Reached skill level 5 in Spellcasting
 53789 | D:15     | Received a gift from Nemelex Xobeh
 53831 | D:15     | Found a staircase to the Depths.
 54684 | Vaults:1 | Entered Level 1 of the Vaults
 54747 | Vaults:1 | Reached skill level 19 in Fire Magic
 55931 | Vaults:1 | Received a gift from Nemelex Xobeh
 57116 | Vaults:1 | Reached XP level 21. HP: 132/132 MP: 26/33
 58116 | Vaults:2 | Received a gift from Nemelex Xobeh
 58156 | Vaults:2 | Reached skill level 20 in Fire Magic
 58437 | Vaults:2 | Noticed Mara
 58448 | Vaults:2 | Noticed Shayle's illusion
 59760 | Vaults:2 | Received a gift from Nemelex Xobeh
 60001 | Vaults:3 | Identified the +4 morningstar of Reteomav {drain, Contam
                  | Str+3}
 60248 | D:14     | Reached skill level 1 in Shapeshifting
 60609 | Elf:1    | Paralysed by an air elemental for 1 turns
 60613 | Abyss:3  | Cast into level 3 of the Abyss (a deep elf sorcerer)
 61229 | Elf:1    | Escaped the Abyss
 61232 | Elf:1    | Paralysed by an air elemental for 1 turns
 62000 | Elf:2    | Reached skill level 10 in Spellcasting
 62101 | Elf:2    | Identified the ring "Jupib" {rN+ Str+2}
 62108 | Elf:2    | Found a frozen archway.
 62127 | Elf:2    | Learned a level 8 spell: Ignition
 62131 | IceCv    | Entered an ice cave
 62131 | IceCv    | Received a gift from Nemelex Xobeh
 63383 | Elf:2    | Found a runed translucent gate.
 63384 | Elf:2    | Found a runed translucent gate.
 63384 | Elf:2    | Found a runed translucent gate.
 63628 | Elf:1    | Learned a level 7 spell: Orb of Destruction
 64235 | Elf:2    | Reached XP level 22. HP: 87/138 MP: 1/37
 64529 | Elf:2    | Reached skill level 5 in Shapeshifting
 64669 | Elf:2    | Received a gift from Nemelex Xobeh
 65430 | Elf:3    | Entered Level 3 of the Elven Halls
 65713 | Elf:3    | Reached XP level 23. HP: 138/143 MP: 39/39
 65800 | Elf:3    | Reached skill level 1 in Short Blades
 65970 | Elf:3    | Identified the +11 quarterstaff of Biewk {flame, Fragile
                  | Int+6}
 66179 | Elf:3    | Received a gift from Nemelex Xobeh
 66786 | Elf:3    | Identified the +5 gold dragon scales of Jeyz Hae {rPois rF+
                  | rC+ rN+ Str-5 Dex+4}
 66786 | Elf:3    | Identified the ring of the Changing Visionary {Fly rF+ rC+
                  | rCorr}
 66804 | Elf:3    | Reached skill level 5 in Short Blades
 66930 | Elf:3    | Identified the +11 battleaxe of the Hammering Asp {spect,
                  | MP+9}
 67393 | Elf:3    | Identified the +5 flail of the Foot {heavy, *Slow rElec
                  | Will+}
 68468 | Slime:1  | Received a gift from Nemelex Xobeh
 69654 | Slime:3  | Received a gift from Nemelex Xobeh
 69781 | Slime:4  | Noticed Dissolution
 69799 | Slime:3  | Killed Dissolution
 70425 | Slime:5  | Identified the "Veprona"
 70425 | Slime:5  | Entered Level 5 of the Pits of Slime
 70473 | Slime:5  | Gained mutation: You possess an exceptional clarity of
                  | mind. [a shining eye]
 70475 | Slime:5  | Gained mutation: Your body sometimes deteriorates upon
                  | taking damage. [a shining eye]
 70999 | Slime:4  | Reached skill level 10 in Shapeshifting
 71414 | Slime:5  | Noticed the Royal Jelly
 71611 | Slime:5  | Paralysed by a formless jellyfish for 1 turns
 71692 | Slime:5  | Reached XP level 24. HP: 148/148 MP: 25/39
 71915 | Slime:5  | Gained mutation: Your body often deteriorates upon taking
                  | damage. [a shining eye]
 72265 | Slime:5  | Found a viscous altar of Jiyva.
 72492 | Slime:5  | Killed the Royal Jelly
 72493 | Slime:5  | Reached skill level 10 in Short Blades
 72658 | Slime:5  | Got a slimy rune of Zot
 72787 | Slime:5  | Identified the +7 war axe "Ixao" {flame, *Corrode Fly
                  | Dex+2}
 72891 | Slime:5  | Identified the +5 long sword of the Sea {vamp, *Rage Dex+4
                  | SInv}
 72896 | Slime:5  | Identified the ring of Xom's Grace {Fly rElec rN+ Will-}
 72952 | Slime:5  | Received a gift from Nemelex Xobeh
 74376 | Vaults:2 | Noticed Shayle's illusion
 74652 | Vaults:2 | Killed Mara
 74971 | Vaults:3 | Received a gift from Nemelex Xobeh
 75206 | Vaults:3 | Found Toqops's Jewellery Shoppe.
 75214 | Vaults:3 | Bought the amulet "Aptam" {Reflect rCorr SH+5} for 596 gold
                  | pieces
 75906 | Vaults:3 | Received a gift from Nemelex Xobeh
 76278 | Vaults:3 | Found a staircase to the Crypt.
 77858 | Vaults:4 | Identified the +4 quarterstaff of Turhuy {venom, Str+5
                  | Stlth-}
 78180 | Vaults:4 | Received a gift from Nemelex Xobeh
 78582 | Vaults:4 | Paralysed by a formless jellyfish for 1 turns
 79061 | Vaults:4 | Received a gift from Nemelex Xobeh
 79329 | Vaults:5 | Entered Level 5 of the Vaults
 79341 | Vaults:5 | Killed from afar by a war gargoyle

Illustrated notes

Levels and vault maps discovered:
D:1:      minmay_arrival_hallway, layout_loops_ring
D:2:      kennysheep_big_flooded_room, layout_loops_corners,
          serial_co_window_serial, co_window_of_opportunity_a,
          co_window_paths_b, co_window_of_opportunity_a, co_window_paths_a,
          co_window_paths_a, co_window_corner_b, co_window_of_opportunity_c,
          co_window_unsneaky_path_e, co_window_cross_3, glass_columns_c,
          kennysheep_flooded_box, nrook_campfire
D:3:      layout_basic, minmay_close_crescents
D:4:      layout_cave_pools, lemuel_coloured_pillars_altar,
          chequers_decorated_corner, nicolae_half_adder
D:5:      layout_loops_ring, nicolae_elyvilon_temple_path, temple_statues
D:6:      layout_rooms, nicolae_dithmenos_shadow_blocks, uniq_blork_the_orc
D:7:      layout_loops_ring, nicolae_yredelemnul_ghost_church,
          nicolae_ossuary_entry_catacombs, enter_bailey_6, uniq_pikel
D:8:      layout_cave_pools, nzn_overflow_gifts_of_might_and_magic,
          lair_entry_dummy, uniq_prince_ribbit1, uniq_psyche, uniq_amaemon
D:9:      layout_roguey, gammafunk_ghost_necromancy, chequers_avenue
D:10:     layout_layer_cave, nicolae_qazlal_general_emergency, uniq_snorg
D:11:     layout_rooms, dk_noncrumbling_3, uniq_urug, uniq_maurice
D:12:     layout_rooms, orc_0_dummy, grunt_decor_cap,
          chequers_serial_rivers_micro_e, minivault_16
D:13:     layout_roguey, chequers_arboretum, kennysheep_cross_bottleneck
D:14:     hangedman_screamer, layout_basic, grunt_vaults_entry_fortified,
          xom_teletrap_fun, dreamdust_deal_with_the_devil,
          minmay_gold_behind_fungi
D:15:     grunt_enter_depths_magical_seal, layout_long_grid,
          hangedman_decor_push, st_stairs_13, einodemon_crawler_minivault,
          uniq_louise
Temple:   hellmonk_temple_two_chambers
Lair:1:   layout_misc_corridors, minivault_25, serial_bayou_shore_b
Lair:2:   layout_layer_cave, minmay_shoals_entry_lonely_mermaid,
          roderic_batcave, serial_bayou_pond_e, serial_bayou_shore_a,
          grunt_megastairs_5
Lair:3:   hangedman_what_comes_after_a, layout_regular_city,
          nicolae_snake_entry_squirm, serial_bayou_lagoon_a, lemuel_fruit_tree,
          uniq_fannar
Lair:4:   layout_regular_city, slime_entry_1
Lair:5:   grunt_lair_end_beastmaster, layout_gridlike,
          hellmonk_ghost_happy_afterlife, minmay_hedge_maze
Shoals:1: cheibrodos_shoals_oceanic_diplomacy, layout_shoals, uniq_frances
Shoals:2: layout_shoals, nicolae_shop_firing_range
Shoals:3: layout_shoals, nicolae_shoals_abyss_on_the_beach
Shoals:4: shoals_end_grunt_garden, layout_shoals, uniq_mlioglotl
Snake:1:  layout_misc_corridors, nicolae_integral_box, uniq_aizul, uniq_nikola,
          uniq_jorgrun, uniq_agnes
Snake:2:  layout_gridlike, ebering_ghost_inner_flame, minmay_shop_grove
Snake:3:  layout_honeycomb, nicolae_twisty_statue_hallways, grunt_megastairs_4
Snake:4:  grunt_snake_rune_pools, layout_chambers, serial_shops, shop_statue,
          nicolae_snake_salamander_fort
Slime:1:  layout_caves
Slime:2:  layout_caves
Slime:3:  layout_caves
Slime:4:  layout_caves, dissolution_awaits
Slime:5:  slime_pit_nicolae_trefoil
Orc:1:    layout_caves, uniq_erolcha, uniq_sonja
Orc:2:    hellmonk_orc_salted, layout_caves, basic_altar
Elf:1:    hangedman_staggered_hall, layout_loops_corners, minivault_28
Elf:2:    nicolae_elf_blades_crystal_corner, layout_geoelf_diagonals,
          portal_ice_cave_entry_frozen_things
Elf:3:    grunt_elf_hall_asides, layout_onion_city, hangedman_elven_pyramids
Vaults:1: hangedman_vaults_hat, nicolae_vaults_two_Ls, hangedman_vaults_pinch,
          nicolae_vaults_alarming, v_alt_pattern_2,
          nicolae_vaults_circle_grid_a, v_misc_15, grunt_vaults_hallway_long,
          nicolae_vaults_shelves_hall, nicolae_vaults_mini_display_case,
          layout_vaults_omnigrid
Vaults:2: v_misc_5, nicolae_vaults_puzzle_piece,
          nicolae_vaults_network_periphery, nicolae_vaults_trapezoid_1,
          nicolae_vaults_shelves_hall, vaults_room_stairs_pillars,
          nicolae_vaults_trapezoid_lopsided_1, nicolae_vaults_sealed_display,
          nicolae_vaults_variable_pillar_hall, special_room_vaults
          [special_room_orc], layout_vaults_big_room, uniq_mara
Vaults:3: nicolae_vaults_offset_grid_hallway_3, hangedman_vaults_trim,
          nicolae_vaults_windows_and_doors_thing, nicolae_vaults_ninety_degrees,
          minmay_crypt_entry_simple_box, nicolae_vaults_quadrants,
          vaults_room_large_hall, nicolae_vaults_weapon_check,
          vaults_room_large_hall, ontoclasm_vaults_pinch,
          ontoclasm_vaults_gateway, vaults_dpeg_emergency_exit,
          layout_vaults_ring, serial_shops, shop
Vaults:4: v_misc_11, v_misc_13, v_misc_13, nicolae_vaults_tangram_1,
          ontoclasm_vaults_chip, nicolae_vaults_cochlea,
          nicolae_vaults_tetromino_Z_2, vaults_mumra_chevron,
          nicolae_vaults_cornered_office, nicolae_vaults_two_Ls,
          nicolae_vaults_little_squares_2, vaults_dpeg_diagonal,
          ontoclasm_vaults_eye, layout_vaults_omnicross, serial_shops
Vaults:5: serial_shops

Skill      XL: |  1  2  3  4  5  6  7  8  9 10 11 12 13 14 15 16 17 18 19 20 21 22 23 24 |
---------------+-------------------------------------------------------------------------+-----
Invocations    | 1 2 3 4 6 7 8 9 10 11 12 | 12.5
Fighting       | 2 3 4 5 7 11 12 13 14 | 14.3
Shields        | 1 2 3 4 |  4.0
Armour         | 8 9 11 12 | 12.8
Dodging        | 4 7 8 9 10 | 10.7
Long Blades    | 3 5 7 8 9 12 | 12.8
Conjurations   | 5 7 9 11 13 16 | 16.7
Air Magic      | 4 7 9 11 13 | 13.9
Poison Magic   | 3 5 6 |  6.6
Fire Magic     | 4 6 7 9 11 13 17 19 20 | 20.8
Spellcasting   | 7 10 11 | 11.3
Shapeshifting  | 4 7 10 13 | 13.6
Short Blades   | 9 11 | 11.5
Stealth        | 4 |  4.8
Ranged Weapons | |  2.1
Hexes          | |  2.1

Action                     |  1- 3 |  4- 6 |  7- 9 | 10-12 | 13-15 | 16-18 | 19-21 | 22-24 || total
---------------------------+-------+-------+-------+-------+-------+-------+-------+-------++-------
  Melee: Flail             |    69 |   166 |   174 |   690 |   113 |       |       |       ||  1212
         Kick              |    12 |    37 |    67 |   249 |   544 |   534 |   520 |   235 ||  2198
         Peck              |     8 |    30 |    35 |   152 |   360 |   312 |   326 |   152 ||  1375
         Punch             |     1 |       |       |       |       |       |       |       ||     1
         Long sword        |       |       |       |       |   168 |       |       |       ||   168
         Scimitar          |       |       |       |       |   969 |  1086 |  1051 |   128 ||  3234
         Quick blade       |       |       |       |       |       |       |       |   322 ||   322
   Fire: Sling             |       |       |    62 |   148 |   132 |       |    15 |       ||   357
  Throw: Dart              |       |       |       |     9 |     3 |       |       |     2 ||    14
   Cast: Mephitic Cloud    |       |       |       |       |    53 |   105 |    36 |    27 ||   221
         Plasma Beam       |       |       |       |       |       |    42 |   293 |   124 ||   459
         Starburst         |       |       |       |       |       |    33 |   126 |    38 ||   197
         Freezing Cloud    |       |       |       |       |       |       |    12 |     8 ||    20
         Orb of Destructio |       |       |       |       |       |       |    10 |    82 ||    92
         Ignition          |       |       |       |       |       |       |     2 |    51 ||    53
 Invoke: Draw Destruction  |       |       |       |    19 |    50 |    59 |    32 |    16 ||   176
         Draw Summoning    |       |       |       |     5 |    19 |    24 |    14 |     9 ||    71
         Draw Escape       |       |       |       |     2 |     6 |     2 |     2 |     1 ||    13
         Draw Stack        |       |       |       |       |    10 |       |       |     5 ||    15
         Stack Five        |       |       |       |       |     2 |       |       |     1 ||     3
         Triple Draw       |       |       |       |       |     1 |     1 |     1 |     1 ||     4
         Deal Four         |       |       |       |       |     1 |       |       |     1 ||     2
  Evoke: Wand              |       |       |     4 |    16 |    19 |    21 |     9 |     2 ||    71
         Phantom mirror    |       |       |       |       |     1 |     2 |     2 |       ||     5
         Lightning rod     |       |       |       |       |       |     4 |     1 |       ||     5
    Use: Scroll            |     5 |     3 |     5 |    13 |    18 |    13 |    12 |    21 ||    90
         Potion            |       |       |    11 |    10 |     5 |     7 |    12 |     1 ||    46
   Stab: Petrified         |       |       |       |       |    10 |     4 |       |     1 ||    15
         Confused          |       |       |       |       |    14 |    39 |    14 |     9 ||    76
         Distracted        |       |       |       |       |     1 |     2 |     1 |     3 ||     7
         Petrifying        |       |       |       |       |       |       |       |     1 ||     1
 Armour: Robe              |     5 |       |       |       |       |       |       |       ||     5
         Ring mail         |    44 |   106 |   116 |   544 |   508 |       |       |       ||  1318
         Skin              |       |       |     1 |    57 |       |       |       |       ||    58
         Troll leather arm |       |       |       |       |   256 |   673 |   322 |       ||  1251
         Quicksilver drago |       |       |       |       |       |       |   365 |   230 ||   595
  Dodge: Dodged            |    48 |   118 |   155 |   815 |  1346 |  1050 |   831 |   200 ||  4563
  Block: Buckler           |     2 |    39 |    60 |   282 |   688 |   838 |   767 |   183 ||  2859
         Reflection        |       |       |       |       |    12 |    82 |    72 |    16 ||   182

Table legend: (Time is in decaauts)
 A = Elapsed time spent in this place.
 B = Non-inter-level travel time spent in this place.
 C = Inter-level travel time spent in this place.
 D = Time resting spent in this place.
 E = Time spent auto-exploring this place.
 F = Levels seen in this place.
 G = Mean time per level.
                   A        B        C        D        E       F      G
               +--------+--------+--------+--------+--------+-----+--------+
         Total |  80017 |  72546 |   7471 |  24167 |  28635 |  51 | 1569.0 |
       Dungeon |  21715 |  18501 |   3214 |   3259 |  10572 |  15 | 1447.7 |
        Temple |     12 |      6 |      6 |      0 |      0 |   1 |   12.0 |
          Lair |  13142 |  11265 |   1877 |   3762 |   4031 |   5 | 2628.4 |
        Shoals |   9302 |   8891 |    411 |   4060 |   2663 |   4 | 2325.5 |
     Snake Pit |   7538 |   6870 |    668 |   1783 |   3120 |   4 | 1884.5 |
    Slime Pits |   5517 |   5378 |    139 |   3279 |    870 |   5 | 1103.4 |
  Orcish Mines |   2179 |   1613 |    566 |    139 |    662 |   2 | 1089.5 |
   Elven Halls |   6700 |   6464 |    236 |   2464 |   2046 |   3 | 2233.3 |
        Vaults |  10545 |  10194 |    351 |   4139 |   4509 |   5 | 2109.0 |
         Abyss |   1857 |   1857 |      0 |    612 |     86 |   4 |  464.2 |
       Ossuary |    213 |    213 |      0 |      0 |      0 |   1 |  213.0 |
        Bailey |    454 |    454 |      0 |     96 |     72 |   1 |  454.0 |
      Ice Cave |    837 |    837 |      0 |    571 |      4 |   1 |  837.0 |
               +--------+--------+--------+--------+--------+-----+--------+

Top non-repeatable levels by time:
Shoals:3: 4853 daAuts
Vaults:1: 3747 daAuts
  Lair:2: 3150 daAuts
    D:14: 3142 daAuts
  Lair:3: 2838 daAuts
 Snake:3: 2585 daAuts
Vaults:3: 2570 daAuts
  Lair:1: 2469 daAuts
  Lair:4: 2433 daAuts
 Snake:4: 2427 daAuts
   Elf:1: 2312 daAuts
   Elf:2: 2255 daAuts
  Lair:5: 2250 daAuts
Vaults:2: 2200 daAuts
    D:10: 2149 daAuts
